 Dungeon Crawl Stone Soup version 0.28.0-53-g5a82cb258f (webtiles) character file.

Game seed: 17479039237809676773

668 Peloso the Covered (level 7, -3/61 HPs)
             Began as a Minotaur Fighter on June 20, 2022.
             Killed from afar by a white imp (9 damage)
             ... with a puff of frost
             ... on level 6 of the Dungeon.
             The game lasted 00:08:11 (5191 turns).

Peloso the Covered (Minotaur Fighter)               Turns: 5191, Time: 00:08:11

Health: -3/61      AC: 12    Str: 20    XL:     7   Next: 32%
Magic:  6/6        EV:  8    Int:  5    God:
Gold:   192        SH:  5    Dex: 12    Spells: 6/6 levels left

rFire   . . .      SeeInvis +   a - +0 falchion (holy)
rCold   . . .      Faith    .   c - +0 buckler
rNeg    . . .      Spirit   .   h - +0 chain mail
rPois   .          Reflect  .   n - +1 hat {SInv}
rElec   .          Harm     .   (no cloak)
rCorr   .          Rampage  .   k - +0 pair of gloves
Will    .....                   (no boots)
Stlth   ..........              (no amulet)
HPRegen 0.20/turn               (no ring)
MPRegen 0.10/turn               (no ring)

@: mighty
A: horns 2, retaliatory headbutt
a: no special abilities


You were on level 6 of the Dungeon.
You visited 1 branch of the dungeon, and saw 6 of its levels.

You collected 192 gold pieces.

Inventory:

Hand Weapons
 a - a +0 falchion of holy wrath (weapon)
Armour
 b - a +0 scale mail
 c - a +0 buckler (worn)
 h - a +0 chain mail (worn)
 k - a +0 pair of gloves (worn)
 n - a +1 hat of see invisible (worn)
Scrolls
 f - a scroll of identify
 j - a scroll of magic mapping {unknown}
 m - a scroll of noise {unknown}
 q - 3 scrolls of vulnerability {unknown}
 r - a scroll of immolation {unknown}
Potions
 e - 4 potions of curing
 g - a potion of flight
 i - 2 potions of brilliance {unknown}
 l - a potion of attraction {unknown}
 o - a potion of heal wounds {unknown}
 p - a potion of lignification {unknown}


   Skills:
 + Level 5.0 Fighting
 + Level 5.8 Long Blades
 + Level 6.8 Armour
 + Level 1.6 Dodging
 + Level 0.3 Stealth
 + Level 5.0 Shields


You had 6 spell levels left.
You didn't know any spells.
Your spell library contained the following spells:

 Spells                   Type           Power      Damage    Failure   Level
 Magic Dart               Conj           0%         1d3       99%         1
 Call Imp                 Summ           0%         N/A       100%        2
 Mephitic Cloud           Conj/Pois/Air  0%         N/A       100%        3


Dungeon Overview and Level Annotations

Branches:
Dungeon (6/15)
 Temple: D:4-7

Altars:
Fedhas

Shops:
D:4 *


Innate Abilities, Weirdness & Mutations

You have a pair of horns on your head.
You reflexively headbutt those who attack you in melee.


Message History

The puff of frost hits you but does no damage.
You barely miss the kobold brigand.
The kobold brigand is almost dead.
The kobold brigand hits you but does no damage.
The white imp hits you but does no damage.
The phantom barely misses you. You furiously retaliate!
You headbutt the phantom.
Unknown command.
You hit the kobold brigand but do no damage.
The kobold brigand is almost dead.
The kobold brigand completely misses you.
You furiously retaliate!
You headbutt the kobold brigand!
You kill the kobold brigand!
The phantom hits you but does no damage.
The white imp gestures at you. The puff of frost hits you.
* * * LOW HITPOINT WARNING * * *
Unknown command.
You hit the phantom.
The phantom convulses.
The phantom is severely damaged.
The phantom hits you but does no damage.
The white imp hits you but does no damage.
Unknown command.
You closely miss the phantom. Your headbutt misses the phantom.
The phantom is severely damaged.
The phantom hits you but does no damage.
The white imp hits you.
* * * LOW HITPOINT WARNING * * *
The white imp freezes you.
* * * LOW HITPOINT WARNING * * *
You slice the phantom!!
You destroy the phantom!
The white imp hits you but does no damage.
Your Fighting skill increases to level 5!
Your Shields skill increases to level 5!
Unknown command.
You barely miss the white imp. The white imp gestures at you.
The puff of frost hits you!
You die...

.###............>
..............$...#
.................#
.................+
#$............#
#.............# #
#.............###+
#.
#.....))..........
#.
##..#.5@..<.....5.
#..
#...)...########.
##..# #....####
###....###.####
........)..#
#...#####..# # #..#
##..# #....


You could see a white imp.

Vanquished Creatures
  A kobold brigand (D:6)
  A phantom (D:6)
  A water moccasin skeleton (D:4)
  3 killer bees
  A jelly (D:3)
  2 orc priests
  2 iguanas
  Ijyb (D:3)
  Terence (D:2)
  6 adders
  An ufetubus (D:6)
  A worm (D:3)
  A dart slug (D:3)
  9 orcs
  10 endoplasms
  5 giant cockroaches
  10 goblins
  8 hobgoblins
  A quokka (D:2)
  10 ball pythons
  8 bats
  9 kobolds
  A rat (D:1)
93 creatures vanquished.

Notes
Turn   | Place    | Note
-------+----------+-------------------------------------------
     0 | D:1      | Peloso the Minotaur Fighter began the quest for the Orb.
     0 | D:1      | Reached XP level 1. HP: 19/19 MP: 0/0
   115 | D:1      | Reached XP level 2. HP: 19/27 MP: 1/1
   304 | D:1      | Reached skill level 4 in Armour
   989 | D:1      | Reached XP level 3. HP: 28/33 MP: 2/2
  1328 | D:2      | Noticed Terence
  1336 | D:2      | Reached skill level 1 in Dodging
  1339 | D:2      | Killed Terence
  1340 | D:2      | Reached XP level 4. HP: 31/40 MP: 3/3
  1794 | D:2      | Found a blossoming altar of Fedhas.
  1889 | D:3      | Noticed Ijyb
  2088 | D:2      | Reached XP level 5. HP: 8/46 MP: 4/4
  2409 | D:3      | Killed Ijyb
  2896 | D:3      | Reached skill level 5 in Armour
  3165 | D:4      | Reached XP level 6. HP: 32/53 MP: 5/5
  3459 | D:3      | Reached skill level 5 in Long Blades
  4268 | D:3      | Reached skill level 6 in Armour
  4757 | D:4      | Found Paega's General Store.
  5043 | D:4      | Reached XP level 7. HP: 60/60 MP: 6/6
  5121 | D:5      | Entered Level 5 of the Dungeon
  5191 | D:6      | Reached skill level 5 in Fighting
  5191 | D:6      | Reached skill level 5 in Shields
  5191 | D:6      | Killed from afar by a white imp

Illustrated notes

Levels and vault maps discovered:
D:1:      saegor_arrival_fortress, layout_basic, nicolae_figureground_pulse
D:2:      layout_rooms, basic_altar, uniq_terence
D:3:      layout_rooms, serial_aquarium, aquarium_bridge_square
          [aquarium_subvault_window, aquarium_subvault_wall,
          aquarium_subvault_window, aquarium_subvault_bridge],
          aquarium_window_corner, aquarium_window_1, aquarium_window_fake,
          aquarium_window_fake, aquarium_view_2b, aquarium_balcony_5a, uniq_ijyb
D:4:      layout_basic, serial_shops, nicolae_shop_hallway_plus
D:5:      layout_rooms, uniq_blork_the_orc
D:6:      layout_cave_pods, minmay_temple_entry_glassed_door, serial_shops,
          nicolae_shop_stone, uniq_eustachio, uniq_pikel

Skill      XL: |  1  2  3  4  5  6  7 |
---------------+----------------------+-----
Shields        | 4 5 |  5.0
Armour         | 4 5 6 |  6.8
Long Blades    | 3 4 5 |  5.8
Fighting       | 4 5 |  5.0
Dodging        | 1 |  1.6
Stealth        | |  0.3

Action                   |  1- 3 |  4- 6 |  7- 9 || total
-------------------------+-------+-------+-------++-------
Melee: Long sword        |    69 |   130 |     1 ||   200
       Headbutt          |    10 |    18 |     3 ||    31
       Falchion          |       |       |    18 ||    18
  Use: Potion            |     1 |       |     1 ||     2
       Scroll            |       |     6 |       ||     6
Armor: Scale mail        |    43 |       |       ||    43
       Chain mail        |       |    82 |    21 ||   103
Dodge: Dodged            |    45 |    55 |    12 ||   112
Block: Buckler           |    33 |    29 |     8 ||    70
